Map: Deathaura LE

Players

Osiris

  • Race: Terran Terran
  • League: Diamond
  • Spawn Location: 11:00

BreadForceXY - Winner!

  • Race: Protoss Protoss
  • League: Master
  • Spawn Location: 5:00

VOD

Have the link to the VOD?

Description

Time

  • Played on: Jan. 3, 2021, 4:02 a.m.
  • Length: 7:28
Show
View Real Time Build Order
Export as new Build Order

Osiris Terran 

Build Orders: Reaper Expand 

Get SALT Encoding   

  12  0:00  SCV  
  13  0:13  SCV  
  14  0:17  Supply Depot  
  14  0:25  SCV  
  15  0:38  SCV  
  15  0:40  Barracks  
  16  0:46  Refinery  
  16  0:50  SCV  
  17  1:02  SCV  
  18  1:15  SCV  
  19  1:27  Orbital Command  
  19  1:28  Reaper  
  20  1:47  Command Center  
  20  1:54  SCV  
  20  1:56  Supply Depot  
  20  2:00  Marine  
  22  2:08  SCV  
  23  2:15  Factory  
  23  2:21  Bunker  
  23  2:24  SCV  
  24  2:31  Marine  
  25  2:40  SCV  
  26  2:50  Refinery  
  26  2:51  Engineering Bay, Marine  
  26  2:52  SCV  
  28  3:02  Orbital Command, Factory Tech Lab  
  28  3:10  Marine  
  28  3:12  SCV  
  29  3:19  Missile Turret  
  29  3:22  Mag-Field Accelerator, Cyclone  
  32  3:28  Missile Turret  
  32  3:31  Marine  
  33  3:45  SCV  
  32  3:49  Marine  
  32  3:55  Cyclone  
  33  4:03  Missile Turret  
  33  4:06  SCV, Marine  
  35  4:18  SCV  
  36  4:24  Marine  
  36  4:28  Cyclone, Starport  
  36  4:30  SCV  
  41  4:34  SCV  
  42  4:42  SCV, Marine  
  44  4:47  SCV  
  45  5:00  Marine  
  46  5:19  SCV, Supply Depot  
  46  5:27  Supply Depot  
  46  5:41  SCV, Cyclone, Marine, Viking  
  43  6:02  Orbital Command  
  40  6:05  Marine  
  40  6:11  Viking  
  42  6:14  Cyclone  
  46  6:24  Command Center, Marine  
  47  6:30  Supply Depot  
  47  6:33  Supply Depot  
  47  6:41  SCV  
  38  7:10  Marine  
  38  7:11  SCV  
Show
View Real Time Build Order
Export as new Build Order

BreadForceXY Protoss - Winner!

Build Orders: Proxy Void Ray 

Get SALT Encoding   

  12  0:00  Probe  
  13  0:13  Probe  
  14  0:17  Pylon  
  14  0:25  Probe (Chrono Boost)  
  15  0:37  Probe (Chrono Boost), Gateway  
  15  0:42  Assimilator  
  16  0:44  Probe (Chrono Boost)  
  17  0:51  Assimilator  
  17  0:54  Probe  
  18  1:00  Pylon  
  18  1:06  Probe (Chrono Boost)  
  20  1:18  Probe (Chrono Boost)  
  20  1:24  Probe (Chrono Boost)  
  21  1:25  Zealot  
  21  1:30  Cybernetics Core  
  23  1:33  Probe  
  24  1:45  Probe  
  25  1:50  Pylon  
  25  1:57  Probe  
  26  2:08  Stargate  
  26  2:09  Shield Battery  
  26  2:11  Adept (Chrono Boost)  
  27  2:19  Probe  
  27  2:20  Warp Gate  
  28  2:34  Adept  
  30  2:47  Void Ray (Chrono Boost)  
  34  3:08  Shield Battery x2  
  33  3:17  Probe  
  34  3:21  Void Ray (Chrono Boost)  
  38  3:54  Void Ray  
  38  4:05  Nexus  
  38  4:06  Pylon  
  38  4:11  Fleet Beacon  
  38  4:26  Probe  
  39  4:35  Stalker  
  39  4:38  Probe  
  42  4:45  Assimilator  
  42  4:47  Assimilator  
  42  4:51  Tempest (Chrono Boost)  
  47  5:02  Pylon  
  47  5:05  Forge  
  47  5:10  Probe  
  44  5:18  Pylon  
  44  5:22  Probe  
  44  5:25  Tempest (Chrono Boost)  
  50  5:40  Shield Battery  
  50  5:41  Shield Battery  
  41  5:58  Zealot  
  41  6:01  Tempest (Chrono Boost)  
  46  6:14  Shield Battery  
  46  6:25  Sentry  
  48  6:30  Probe  
  48  6:31  Probe  
  50  6:36  Tempest (Chrono Boost)  
  55  6:43  Probe  
  52  6:57  Zealot  
  47  7:13  Probe x2  
  49  7:18  Zealot  
Tags
 
Add a new tag
Caveats
  • Supply blocks, unpowered buildings, or Contaminate may cause inaccurate times.
  • Supply counts are checked every 10 seconds.